 Dungeon Crawl Stone Soup version 0.15.0-12-gccce430 (webtiles) character file.

348 HungrySpirit the Slasher (level 6, 0/70 HPs)
             Began as a Human Berserker on Sept 1, 2014.
             Was a Priest of Trog.
             Succumbed to ANDROIDp's ghost's poison
             ... on Level 4 of the Dungeon on Sept 2, 2014.
             The game lasted 00:07:42 (4233 turns).

HungrySpirit the Slasher (Human Berserker)          Turns: 4233, Time: 00:07:42

HP   0/70        AC 23     Str 19      XL: 6   Next: 91%
MP   6/6         EV  2     Int 12      God: Trog [***...]
Gold 100         SH  0     Dex 12      Spells:  0 memorised,  5 levels left

rFire  . . .     SeeInvis .     a - +0 falchion
rCold  . . .     Clarity  .     p - melded +0 scale mail
rNeg   + + +     rCorr    .     (no shield)
rPois  +         rRot     .     (no helmet)
rElec  .         Spirit   .     (cloak currently unavailable)
SustAb .         Warding  .     (gloves currently unavailable)
rMut   .         NoTele   +     (boots currently unavailable)
Gourm  .                        (no amulet)
MR     .....                    g - ring of positive energy
                                f - +4 ring of intelligence

@: lethally poisoned, exhausted, tree-form, slowed, very slow, not resistant to
hostile enchantments, very unstealthy
A: no striking features
a: Burn Spellbooks, Berserk, Trog's Hand, Renounce Religion


You were on level 4 of the Dungeon.
You worshipped Trog.
Trog was most pleased with you.
You were very hungry.
You were an animated tree.
You visited 1 branch of the dungeon, and saw 4 of its levels.

You collected 100 gold pieces.

Inventory:

Hand weapons
 a - a +0 falchion (weapon)
Armour
 p - a +0 scale mail (melded)
Comestibles
 c - 3 bread rations
 t - a beef jerky
 x - a meat ration
Scrolls
 b - 2 scrolls of remove curse {unknown}
 e - a scroll of enchant weapon {unknown}
 j - a scroll of fog {unknown}
 k - a scroll of random uselessness {unknown}
 l - a scroll of magic mapping {unknown}
 m - 4 scrolls of identify {unknown}
 r - 2 scrolls of enchant armour {unknown}
 s - a scroll of blinking {unknown}
 u - a scroll of immolation {unknown}
 v - a scroll of recharging {unknown}
Jewellery
 f - a +4 ring of intelligence (left branch)
 g - a ring of positive energy (right branch)
 w - an uncursed ring of positive energy
Potions
 d - a potion of degeneration {unknown}
 h - a potion of flight {unknown}
 i - 2 potions of heal wounds {unknown}
 n - a potion of curing {unknown}
 o - a potion of might


   Skills:
 - Level 3.0 Fighting
 * Level 6.6 Long Blades
 + Level 3.3 Armour
 - Level 2.0 Dodging


You had 5 spell levels left.
You didn't know any spells.

Dungeon Overview and Level Annotations

Branches:
Dungeon (4/15)
 Temple: D:4-7

Altars:
Dithmenos

Shops:
D:4 }:

Annotations:
D:4 ANDROIDp's ghost, average SpAs; Edmund


Message History

ANDROIDp's ghost hits you.
* * * LOW HITPOINT WARNING * * *
You are more poisoned.
The rat bites you but does no damage. The kobold hits you but does no damage.
You slash Edmund!
Edmund is almost dead.
You are no longer berserk.
You are exhausted.
You feel yourself slow down.
You are feeling very hungry.
* * * LOW HITPOINT WARNING * * *
You feel sick. ANDROIDp's ghost barely misses you. Edmund closely misses you.
Press: ? - help, v - describe, . - travel
Here: ANDROIDp's ghost (lightly damaged)
The floor.
Drink which item? (? for menu, Esc to quit)
You turn into an animated tree.
Your +0 scale mail melds into your body.
Your roots penetrate the ground.
It was a potion of lignification.
You die...

##..###
##..## ##..##
.########..##
.........###
.######..##
####..#
###.@W..#
#..K♣..(#
#....r...#
#.$.........#
............#
............#
........##.#
......## ..
.##### .#


You could see Edmund, ANDROIDp's ghost, a kobold and a rat.

Vanquished Creatures
  A scorpion (D:4)
  A hound (D:4)
  An orc wizard (D:3)
  2 worker ants (D:4)
  Ijyb (D:3)
  7 adders
  A giant mite (D:2)
  2 worms (D:2)
  A giant gecko (D:2)
  5 orcs (D:3)
  A ball python (D:1)
  11 bats
  3 giant cockroaches
  8 hobgoblins
  9 jackals
  10 kobolds
  A quokka (D:3)
  A giant newt (D:2)
  14 goblins
  8 rats
88 creatures vanquished.

Notes
Turn   | Place    | Note
--------------------------------------------------------------
     0 | D:1      | HungrySpirit, the Human Berserker, began the quest for the Orb.
     0 | D:1      | Reached XP level 1. HP: 18/18 MP: 1/1
   195 | D:1      | Reached XP level 2. HP: 24/24 MP: 2/2
   292 | D:1      | Acquired Trog's second power
   501 | D:1      | Reached skill level 4 in Long Blades
   501 | D:1      | Reached XP level 3. HP: 15/29 MP: 3/3
  1610 | D:2      | Reached XP level 4. HP: 35/35 MP: 4/4
  1727 | D:2      | Found a shadowy altar of Dithmenos.
  1972 | D:3      | Reached skill level 5 in Long Blades
  2554 | D:3      | Reached XP level 5. HP: 39/41 MP: 5/5
  3478 | D:3      | Noticed Ijyb
  3496 | D:3      | Killed Ijyb
  3496 | D:3      | Reached XP level 6. HP: 47/47 MP: 6/6
  3595 | D:4      | Found Jeikhoock's Book Shop.
  3603 | D:4      | Reached skill level 6 in Long Blades
  4190 | D:4      | Found Clairhih's Gadget Shop.
  4213 | D:4      | Noticed ANDROIDp's ghost (average SpAs)
  4214 | D:4      | Noticed Edmund
  4233 | D:4      | Succumbed to ANDROIDp's ghost's poison

Action                   |  1- 3 |  4- 6 || total
-------------------------+-------+-------++-------
Melee: Falchion          |   100 |   251 ||   351
Invok: Berserk           |     2 |     7 ||     9
       Trog's Hand       |       |     3 ||     3
  Use: Potion            |       |     1 ||     1
 Stab: Sleeping          |       |     1 ||     1
  Eat: Chunk             |     3 |    12 ||    15
       Bread ration      |       |     1 ||     1
